 Dungeon Crawl Stone Soup version 0.21-a0-521-g1cd18d1 (webtiles) character file.

33315 dvd the Arsonist (level 13, -5/102 HPs)
             Began as a Demigod Fire Elementalist on Dec 5, 2017.
             Slain by Snorg (25 damage)
             ... on level 3 of the Lair of Beasts.
             The game lasted 00:50:59 (14348 turns).

dvd the Arsonist (Demigod Fire Elementalist)       Turns: 14348, Time: 00:51:00

Health: -5/102     AC: 15    Str: 15    XL:     13   Next: 7%
Magic:  12/29      EV: 16    Int: 23    God:
Gold:   594        SH:  0    Dex: 16    Spells: 5/28 levels left

rFire    + . .     SeeInvis .   C - +6 mace (crush)
rCold    . . .     Gourm    .   (no shield)
rNeg     . . .     Faith    .   a - +3 leather armour {rPois}
rPois    +         Spirit   .   o - +0 helmet
rElec    .         Reflect  .   P - +2 cloak
rCorr    .         Harm     .   k - +0 pair of gloves
MR       +....                  J - +2 pair of boots
Stlth    +++.......             t - amulet of regeneration
HPRegen  0.67/turn              A - ring of fire
MPRegen  0.21/turn              I - ring of protection from cold

@: no status effects
A: high mp 1
a: no special abilities


You were on level 3 of the Lair of Beasts.
You were hungry.

You visited 3 branches of the dungeon, and saw 15 of its levels.

You collected 594 gold pieces.

Inventory:

Hand Weapons
 i - a +0 whip of draining
 r - a +2 dagger of protection
 w - a +4 scimitar of flaming
 C - a +6 mace of crushing (weapon)
 E - a +1 war axe of chopping
 R - the +6 short sword of Kaiddit {vamp, rElec rC+ MP-9}
   (You found it on level 10 of the Dungeon)

   It inflicts no extra harm, but heals its wielder when it wounds a living foe.
   It protects you from cold.
   It insulates you from electricity.
   It affects your magic capacity (-9).
Armour
 a - a +3 leather armour of poison resistance (worn)
 g - a +0 buckler
 k - a +0 pair of gloves (worn)
 o - a +0 helmet (worn)
 J - a +2 pair of boots (worn)
 K - a +0 ring mail of positive energy
 M - a +1 robe of cold resistance
 N - a +1 robe of magic resistance
 P - a +2 cloak (worn)
Magical Staves
 O - an uncursed staff of poison
Jewellery
 p - an uncursed ring of poison resistance
 t - an amulet of regeneration (around neck)
 v - a +3 ring of protection
 A - a ring of fire (left hand)
 I - a ring of protection from cold (right hand)
 L - a +2 ring of intelligence
Wands
 e - a wand of paralysis (16)
 h - a wand of polymorph (4)
 y - a wand of enslavement (20)
 D - a wand of flame (22)
 S - a wand of acid (12)
 U - a wand of random effects (26)
 X - a wand of iceblast (10)
Scrolls
 d - 19 scrolls of identify
 l - 6 scrolls of blinking
 n - 2 scrolls of enchant armour
 q - 7 scrolls of magic mapping
 s - 2 scrolls of fog
 F - 7 scrolls of teleportation
 Q - 3 scrolls of remove curse
 T - 2 scrolls of amnesia
Potions
 j - 3 potions of flight
 m - 4 potions of curing
 z - a potion of cancellation
 G - 2 potions of lignification
 H - a potion of might {unknown}
 Y - a potion of brilliance {unknown}
Books
 b - a book of Flames

   Spells                             Type                      Level
   a - Flame Tongue                   Conjuration/Fire             1
   b - Throw Flame                    Conjuration/Fire             2
   c - Conjure Flame                  Conjuration/Fire             3
   d - Inner Flame                    Hexes/Fire                   3
   e - Sticky Flame                   Conjuration/Fire             4
   f - Fireball                       Conjuration/Fire             5
 B - a book of Conjurations

   Spells                             Type                      Level
   a - Magic Dart                     Conjuration                  1
   b - Searing Ray                    Conjuration                  2
   c - Dazzling Spray                 Conjuration/Hexes            3
   d - Fulminant Prism                Conjuration/Hexes            4
   e - Force Lance                    Conjuration/Translocation    4
   f - Iskenderun's Mystic Blast      Conjuration                  4
 W - a book of Necromancy

   Spells                             Type                      Level
   a - Pain                           Necromancy                   1
   b - Animate Skeleton               Necromancy                   1
   c - Vampiric Draining              Necromancy                   3
   d - Regeneration                   Charms/Necromancy            3
   e - Animate Dead                   Necromancy                   4
   f - Control Undead                 Necromancy                   4
Comestibles
 c - 9 bread rations
 f - 11 royal jellies
 u - 6 meat rations
 x - 12 fruits
 V - 2 chunks of flesh


   Skills:
 + Level 5.7 Fighting
 + Level 2.9(3.2) Short Blades
 + Level 1.6(2.5) Long Blades
 + Level 1.8(5.8) Axes
 + Level 8.7(9.0) Maces & Flails
 + Level 1.6(5.7) Staves
 + Level 4.6 Armour
 + Level 6.6 Dodging
 + Level 5.3 Stealth
 + Level 1.1 Unarmed Combat
 + Level 8.0 Spellcasting
 + Level 7.5 Conjurations
 * Level 0.8 Necromancy
 + Level 8.9 Fire Magic
 + Level 2.1 Evocations


You had 5 spell levels left.
You knew the following spells:

 Your Spells              Type           Power        Failure   Level  Hunger
a - Flame Tongue          Conj/Fire      #####        1%          1    None
b - Throw Flame           Conj/Fire      ######       1%          2    None
c - Sticky Flame          Conj/Fire      ######..     2%          4    ###....
d - Fireball              Conj/Fire      ######....   8%          5    #####..
e - Iskenderun's Mystic   Conj           #####...     3%          4    ###....
f - Force Lance           Conj/Tloc      ####....     17%         4    ###....
g - Regeneration          Chrm/Necr      ##........   21%         3    None


Dungeon Overview and Level Annotations

Branches:
Dungeon (11/15)            Temple (1/1) D:4            Lair (3/6) D:11
  Swamp: Lair:2-4    Shoals: Lair:2-4     Snake: Lair:2-4    Spider: Lair:2-4
    Orc: D:9-12

Shops:
D:6 %   D:11 (

Annotations:
Lair:3 Snorg


Innate Abilities, Weirdness & Mutations

You have an increased reservoir of magic. (+10% MP)


Message History

Snorg claws you but does no damage. Snorg completely misses you.
Casting: Iskenderun's Mystic Blast
Confirm with . or Enter, or press ? or * to list all spells.
Aiming: Sticky Flame
Press: ? - help, Shift-Dir - straight line, f/p - Snorg
Aim: Snorg (severely wounded, berserk, fast, unusually strong)
You feel a surge of power!
The sticky flame hits Snorg.
Snorg is severely wounded.
Snorg is covered in liquid flames!
Snorg burns!
Snorg barely misses you. Snorg closely misses you. Snorg claws you.
Unknown command.
Snorg burns!
Snorg bites you but does no damage. Snorg closely misses you. Snorg claws you!!
Snorg burns!
Snorg rages.
Snorg barely misses you. Snorg claws you. Snorg claws you!
* * * LOW HITPOINT WARNING * * *
Snorg burns!
Snorg burns!
Snorg bites you!!
You die...

### ### # ####.# ##.####### ##
##
.##.#..###...##.#.#####.#.P#.#
.................D............
......#P.##.....@T...........#
...########...#####..#.#.....#
...## #...# ###### ....# ....#
#...# ...# ...## #P...P ..#
...### ##.<... ..
...#.######.... # .#........
.........#


You could see Snorg (berserk) and a four-headed hydra.

Vanquished Creatures
  Fannar (Lair:1)
  Erolcha (D:9)
  Erica (D:10)
  A two-headed ogre (D:11)
  4 skeletal warriors
  Maurice (D:8)
  3 spiny frogs
  A komodo dragon (Lair:1)
  2 polar bears
  Grinder (D:4)
  A meliai zombie (D:11)
  2 hippogriffs
  5 blink frogs (Lair:1)
  2 shadows
  38 yaks
  A steam dragon (D:9)
  4 basilisks
  3 hogs (D:8)
  A human (D:8)
  Eustachio (D:4)
  Menkaure (D:6)
  8 porcupines
  3 water moccasins
  Duvessa (D:7)
  2 ice beasts
  7 ogres
  4 orc warriors
  A sky beast (D:11)
  2 black bears
  2 eyes of draining (D:6)
  3 centaurs
  A necrophage (D:10)
  2 phantoms
  9 crocodiles
  Blork the orc (D:5)
  5 bullfrogs
  5 scorpions
  Dowan (D:7)
  4 killer bees (D:8)
  A howler monkey (D:6)
  2 bullfrog zombies
  9 crimson imps
  2 jellies
  2 orc priests
  4 hounds
  10 orc wizards
  2 bullfrog skeletons
  An iguana (D:11)
  4 worker ants
  A hound skeleton (D:8)
  3 worker ant zombies
  A gnoll (D:3)
  8 adders
  6 oozes
  An adder zombie (D:7)
  A worm (D:2)
  A dart slug (D:2)
  5 leopard geckos
  19 orcs
  6 bats
  5 giant cockroaches
  11 goblins
  5 hobgoblins
  5 jackals
  3 quokkas
  A ball python (D:4)
  4 frilled lizards
  4 kobolds
  2 leopard gecko skeletons
  A quokka skeleton (D:4)
  A quokka zombie (D:5)
  4 rats
  A bush (Lair:2)
272 creatures vanquished.

Vanquished Creatures (collateral kills)
  Joseph (Lair:1)
  An ice beast (D:5)
  3 jackals (D:5)
5 creatures vanquished.

Vanquished Creatures (others)
  A bullfrog (Lair:1)
  10 bushes (D:11)
  3 fungi (D:11)
  14 plants (D:11)
28 creatures vanquished.

Grand Total: 305 creatures vanquished

Notes
Turn   | Place    | Note
-------+----------+-------------------------------------------
     0 | D:1      | dvd the Demigod Fire Elementalist began the quest for the Orb.
     0 | D:1      | Reached XP level 1. HP: 14/14 MP: 5/5
   344 | D:1      | Reached skill level 1 in Conjurations
   397 | D:1      | Reached XP level 2. HP: 16/20 MP: 4/7
   466 | D:1      | Learned a level 2 spell: Throw Flame
   944 | D:2      | Reached XP level 3. HP: 6/26 MP: 0/8
  1726 | D:2      | Reached XP level 4. HP: 33/33 MP: 9/9
  2048 | D:3      | Found a white marble altar of Elyvilon.
  2049 | D:3      | Found a stormy altar of Qazlal.
  2051 | D:3      | Found a deep blue altar of Sif Muna.
  2214 | D:2      | Learned a level 4 spell: Sticky Flame
  2388 | D:3      | Reached XP level 5. HP: 38/38 MP: 4/11
  2591 | D:3      | Found a blossoming altar of Fedhas.
  3331 | D:4      | Noticed Grinder
  3398 | D:4      | Noticed Eustachio
  3425 | D:4      | Killed Eustachio
  3425 | D:4      | Reached XP level 6. HP: 44/46 MP: 2/13
  3749 | D:5      | Entered Level 5 of the Dungeon
  3813 | D:5      | Found a basalt altar of Yredelemnul.
  3859 | D:5      | HP: 1/46 [wyvern skeleton (8)]
  3868 | D:5      | Reached skill level 1 in Short Blades
  3879 | D:5      | Noticed Blork the orc
  3950 | D:4      | Found a shadowy altar of Dithmenos.
  3952 | D:4      | Found a hide-covered altar of Uskayaw.
  3953 | D:4      | Found an opulent altar of Gozag.
  4111 | D:4      | Found a staircase to the Ecumenical Temple.
  4127 | Temple   | Entered the Ecumenical Temple
  4308 | D:5      | Reached XP level 7. HP: 50/51 MP: 10/15
  4440 | D:5      | Killed Blork the orc
  4502 | D:5      | Noticed an air elemental
  4504 | D:5      | Found a stormy altar of Qazlal.
  4506 | D:5      | Noticed a fire elemental
  4506 | D:5      | Noticed a water elemental
  4532 | D:5      | Reached skill level 1 in Fighting
  4532 | D:5      | Reached skill level 5 in Fire Magic
  5212 | D:6      | Reached XP level 8. HP: 59/59 MP: 5/17
  5342 | D:6      | Found a snail-covered altar of Cheibriados.
  5360 | D:6      | Reached skill level 1 in Maces & Flails
  5490 | D:6      | Found a bloodstained altar of Trog.
  5712 | D:6      | Noticed Menkaure
  5721 | D:6      | Killed Menkaure
  5831 | D:6      | Found Qaogoekh's Food Boutique.
  6373 | D:7      | Noticed Dowan
  6388 | D:7      | Killed Dowan
  6490 | D:7      | Noticed Duvessa
  6491 | D:7      | Learned a level 5 spell: Fireball
  6511 | D:7      | Killed Duvessa
  6712 | D:7      | Reached XP level 9. HP: 68/68 MP: 10/19
  7455 | D:8      | Noticed Maurice
  7473 | D:8      | Killed Maurice
  7473 | D:8      | Reached skill level 1 in Armour
  7473 | D:8      | Reached skill level 5 in Spellcasting
  7746 | D:8      | Reached skill level 5 in Conjurations
  8013 | D:8      | Reached skill level 1 in Unarmed Combat
  8308 | D:4      | Killed Grinder
  8405 | D:9      | Reached skill level 5 in Maces & Flails
  8586 | D:9      | Reached XP level 10. HP: 77/77 MP: 15/22
  8615 | D:9      | Found a snail-covered altar of Cheibriados.
  8955 | D:9      | Noticed Erolcha
  8972 | D:9      | Killed Erolcha
  9137 | D:10     | Entered Level 10 of the Dungeon
  9146 | D:10     | Noticed Erica
  9155 | D:10     | Killed Erica
  9155 | D:10     | Reached skill level 5 in Dodging
  9522 | D:10     | Found a sparkling altar of Nemelex Xobeh.
  9522 | D:10     | Found a transporter.
  9522 | D:10     | Noticed a deep troll
  9554 | D:10     | Got a twisted short sword
  9555 | D:10     | Identified the +6 short sword of Kaiddit {vamp, rElec rC+ MP-9} (You found it on level 10 of the Dungeon)
  9934 | D:11     | Noticed a skeletal warrior
  9934 | D:11     | Noticed a skeletal warrior
  9935 | D:11     | Noticed a skeletal warrior
  9936 | D:11     | Noticed a skeletal warrior
 10177 | D:11     | Found Hoah Jat's Weapon Shoppe.
 10238 | D:11     | Noticed a two-headed ogre
 10245 | D:11     | Noticed a skeletal warrior
 10299 | D:10     | Killed a skeletal warrior
 10464 | D:11     | Killed a two-headed ogre
 10464 | D:11     | Reached XP level 11. HP: 31/85 MP: 12/24
 10563 | D:11     | Killed a skeletal warrior
 10720 | D:11     | Killed a skeletal warrior
 10923 | D:11     | Killed a skeletal warrior
 11260 | D:11     | Found a staircase to the Lair.
 11611 | D:11     | Reached skill level 5 in Fighting
 11611 | D:11     | Reached skill level 1 in Long Blades
 11611 | D:11     | Reached skill level 1 in Axes
 11611 | D:11     | Reached skill level 1 in Staves
 11611 | D:11     | Reached XP level 12. HP: 94/94 MP: 26/26
 12078 | D:11     | Reached skill level 5 in Stealth
 12107 | Lair:1   | Entered Level 1 of the Lair of Beasts
 12156 | Lair:1   | Noticed Joseph
 12170 | Lair:1   | Killed Joseph
 12448 | Lair:1   | Noticed Fannar
 12463 | Lair:1   | Killed Fannar
 13337 | Lair:2   | Learned a level 4 spell: Iskenderun's Mystic Blast
 13342 | Lair:2   | Learned a level 4 spell: Force Lance
 13608 | Lair:2   | Reached XP level 13. HP: 90/101 MP: 24/29
 13656 | Lair:2   | Learned a level 3 spell: Regeneration
 14333 | Lair:3   | Noticed Snorg
 14348 | Lair:3   | Slain by Snorg

Vault maps used:
D:1:      elethiomel_arrival_shortcut
D:3:      grunt_temple_overflow_open, serial_aquarium, aquarium_bridge_straight,
          aquarium_bridge_straight, aquarium_window_fake, aquarium_window_fake,
          aquarium_window_2, aquarium_view_2e, aquarium_pool_corner,
          fedhas_altar_3
D:4:      gammafunk_temple_overflow_forgotten, temple_green, uniq_grinder,
          uniq_eustachio
D:5:      yredelemnul_altar_generic, serial_glass, glass_columns_a,
          glass_columns_a, glass_columns_b, glass_columns_a, glass_columns_a,
          glass_columns_c, first_bread, nicolae_qazlal_style_of_elements,
          uniq_blork_the_orc
D:6:      trog_eyes_of_draining, serial_shops, shop, basic_altar, uniq_menkaure
D:7:      cheibrodos_iron_armory, uniq_duvessa
D:8:      black_bear_nest_1, grunt_livestock, uniq_maurice
D:9:      overflow_temple_1_default, uniq_erolcha
D:10:     grunt_nemelex_the_gamble, uniq_erica
D:11:     minmay_lair_entry_grove, serial_shops, nicolae_shop_stone,
          small_statue_alley_a
Temple:   cyrus_circular_temple
Lair:1:   grunt_megastairs_2, uniq_joseph, uniq_fannar
Lair:3:   minmay_swamp_entry_eels, uniq_harold, uniq_gastronok, uniq_snorg

Skill      XL: |  1  2  3  4  5  6  7  8  9 10 11 12 13 |
---------------+----------------------------------------+-----
Fire Magic     | 3 4 5 6 7 8 |  8.9
Conjurations   | 1 2 3 4 5 6 7 |  7.5
Spellcasting   | 2 3 4 5 6 7 8 |  8.0
Stealth        | 2 3 4 5 |  5.3
Dodging        | 2 3 4 5 6 |  6.6
Short Blades   | 1 2 |  2.9
Fighting       | 1 2 3 4 5 |  5.7
Maces & Flails | 3 5 7 8 |  8.7
Armour         | 2 3 4 |  4.6
Unarmed Combat | 1 |  1.1
Long Blades    | 1 |  1.6
Axes           | 1 |  1.8
Staves         | 1 |  1.6
Evocations     | 2 |  2.1
Necromancy     | |  0.8

Action                   |  1- 3 |  4- 6 |  7- 9 | 10-12 | 13-15 || total
-------------------------+-------+-------+-------+-------+-------++-------
Melee: Short sword       |    24 |       |       |       |       ||    24
       Dagger            |     2 |    80 |    25 |       |       ||   107
       Mace              |       |       |   191 |   346 |    21 ||   558
       War axe           |       |       |     5 |       |       ||     5
       Unarmed           |       |       |     9 |       |       ||     9
       Punch             |       |       |       |     3 |       ||     3
 Cast: Flame Tongue      |    40 |    71 |    56 |    46 |     8 ||   221
       Throw Flame       |    16 |    16 |    45 |    26 |       ||   103
       Sticky Flame      |       |     1 |    34 |    64 |    10 ||   109
       Fireball          |       |       |     2 |    30 |     2 ||    34
       Iskenderun's Myst |       |       |       |       |     1 ||     1
       Force Lance       |       |       |       |       |     1 ||     1
Evoke: Wand              |       |     4 |       |     6 |       ||    10
  Use: Scroll            |       |     2 |    13 |     5 |     1 ||    21
       Potion            |       |     1 |       |     7 |       ||     8
 Stab: Sleeping          |     2 |     4 |     4 |     3 |     1 ||    14
       Confused          |       |       |     1 |       |       ||     1
       Distracted        |       |       |       |     1 |       ||     1
  Eat: Chunk             |     4 |     4 |    18 |    28 |     3 ||    57
       Royal jelly       |       |     1 |     1 |     1 |       ||     3
       Meat ration       |       |     1 |       |       |       ||     1
       Fruit             |       |       |     1 |     1 |       ||     2
Armor: Robe              |     7 |    67 |    53 |       |       ||   127
       Leather armour    |       |       |    39 |   117 |    14 ||   170
Dodge: Dodged            |    15 |   110 |   201 |   259 |    35 ||   620
Block: Buckler           |     2 |       |       |       |       ||     2

Table legend:
 A = Spawn XP
 B = Non-spawn XP
 C = Spawn XP percentage of total XP
 D = Spawn monster count
 E = Non-spawn monster count
 F = Spawn count percentage of total count
 G = Total turns spent on level
                    A         B        C        D         E        F      G
               +---------+---------+-------+---------+---------+-------+---------
         Total |       0 |   31388 |   0.0 |       0 |     276 |   0.0 | 14348
               +---------+---------+-------+---------+---------+-------+---------
           D:1 |       0 |      32 |   0.0 |       0 |      16 |   0.0 |   836
           D:2 |       0 |     159 |   0.0 |       0 |      24 |   0.0 |  1182
           D:3 |       0 |      52 |   0.0 |       0 |      12 |   0.0 |   974
           D:4 |       0 |     724 |   0.0 |       0 |      14 |   0.0 |  1185
           D:5 |       0 |     645 |   0.0 |       0 |      19 |   0.0 |   796
           D:6 |       0 |    1170 |   0.0 |       0 |      20 |   0.0 |  1322
           D:7 |       0 |     955 |   0.0 |       0 |      25 |   0.0 |   864
           D:8 |       0 |    2401 |   0.0 |       0 |      18 |   0.0 |  1218
           D:9 |       0 |    2908 |   0.0 |       0 |      13 |   0.0 |   923
          D:10 |       0 |    3319 |   0.0 |       0 |      17 |   0.0 |  1242
          D:11 |       0 |    9327 |   0.0 |       0 |      56 |   0.0 |  1549
        Lair:1 |       0 |    5151 |   0.0 |       0 |      19 |   0.0 |  1240
        Lair:2 |       0 |    3601 |   0.0 |       0 |      19 |   0.0 |   819
        Lair:3 |       0 |     944 |   0.0 |       0 |       4 |   0.0 |   182
               +---------+---------+-------+---------+---------+-------+---------
